 Seeded DCSS version 0.29-a0-322-g68df515 (webtiles) character file.

Game seed: 4207091908060292512 (custom seed)

161 Ayyar the Digger (level 5, 0/42 HPs)
             Began as a Deep Dwarf Earth Elementalist on Apr 6, 2022.
             Slain by an orc
             ... wielding a +4 hand axe of distortion
              (17 damage)
             ... on level 3 of the Dungeon.
             The game lasted 00:17:22 (2659 turns).

Ayyar the Digger (Deep Dwarf Earth Elementalist)    Turns: 2659, Time: 00:17:22

Health: 0/42       AC:  3    Str: 12    XL:     5   Next: 18%
Magic:  8/8        EV: 13    Int: 23    God:
Gold:   117        SH:  0    Dex: 13    Spells: 5/9 levels left

rFire   . . .      SeeInvis .   v - +1 mace (drain)
rCold   . . .      Faith    .   (no shield)
rNeg    . . .      Spirit   .   b - +0 robe
rPois   .          Reflect  .   (no helmet)
rElec   .          Harm     .   (no cloak)
rCorr   .          Rampage  .   (no gloves)
Will    .....                   p - +0 pair of boots
Stlth   ++........              (no amulet)
HPRegen 0.00/turn               o - +6 ring of intelligence
MPRegen 0.11/turn               (no ring)

@: studying Unarmed Combat
A: damage resistance, heal wounds, sense surroundings 1, no regeneration
a: Heal Wounds


You were on level 3 of the Dungeon.
You visited 1 branch of the dungeon, and saw 3 of its levels.

You collected 117 gold pieces.

Inventory:

Hand Weapons
 v - a +1 mace of draining (weapon)
Missiles
 a - 18 stones
 j - 5 javelins
 l - 4 silver boomerangs
Armour
 b - a +0 robe (worn)
 p - a +0 pair of boots (worn)
 x - a +1 ring mail of poison resistance
Jewellery
 h - a ring of fire
 o - a +6 ring of intelligence (left hand)
Scrolls
 d - 2 scrolls of identify {unknown}
 e - a scroll of enchant armour {unknown}
 f - a scroll of noise {unknown}
 g - 2 scrolls of fear {unknown}
 k - a scroll of amnesia {unknown}
 m - a scroll of magic mapping {unknown}
 r - a scroll of immolation {unknown}
 y - a scroll of teleportation {unknown}
Potions
 c - a potion of magic
 i - a potion of degeneration
 n - 2 potions of mutation {unknown}
 q - 2 potions of flight {unknown}
 s - a potion of attraction {unknown}
 t - 2 potions of curing {unknown}
 u - a potion of lignification {unknown}
 w - a potion of cancellation {unknown}


   Skills:
 + Level 3.2 Dodging
 + Level 3.8 Stealth
 + Level 2.5 Spellcasting
 + Level 0.2 Conjurations
 + Level 2.1 Transmutations
 + Level 4.9 Earth Magic


You had 5 spell levels left.
You knew the following spells:

 Your Spells              Type           Power      Damage    Failure   Level
a - Sandblast             Erth           50%        2d12      1%          1
b - Stone Arrow           Conj/Erth      28%        3d8       13%         3

Your spell library contained the following spells:

 Spells                   Type           Power      Damage    Failure   Level
 Passwall                 Tmut/Erth      15%        N/A       4%          2
 Foxfire                  Conj/Fire      12%        2x1d4     12%         1
 Summon Small Mammal      Summ           8%         N/A       12%         1
 Petrify                  Tmut/Erth      19%        N/A       28%         4
 Conjure Flame            Conj/Fire      3%         6-21      34%         3
 Call Canine Familiar     Summ           2%         N/A       36%         3
 Inner Flame              Hex/Fire       2%         N/A       36%         3
 Summon Guardian Golem    Hex/Summ       2%         N/A       36%         3
 Flame Wave               Conj/Fire      3%         2d4       75%         4


Dungeon Overview and Level Annotations

Branches:
Dungeon (3/15)

Altars:

Annotations:
D:3 Sigmund


Innate Abilities, Weirdness & Mutations

You are resistant to damage.
You can heal yourself by infusing magical energy.
You passively map a small area around you.
You do not regenerate.


Message History

Casting: Sandblast (safe; 1% risk of failure)
Confirm with . or Enter, or press ? or * to list all spells.
Aiming: Sandblast (safe; 1% risk of failure)
Press: ? - help, Shift-Dir - straight line, f - hobgoblin
Aim: a hobgoblin (81% to hit)
The blast of sand hits the hobgoblin.
You kill the hobgoblin!
You are too injured to fight recklessly!
You see here a hobgoblin corpse.
You see here a +0 club.
An orc priest and an orc wizard come into view.
The orc priest shouts!
The orc priest looks satisfied for a moment.
An orc comes into view. It is wielding a +0 flail.
The orc drinks a potion.
The orc seems to speed up.
An orc comes into view.
It is wielding a +4 hand axe of distortion.
The teleport trap disappears.
The orc disappears!
There is a stone staircase leading up here.
The orc priest hits you with a +0 flail.
You climb upwards.
There is a stone staircase leading down here.
You hit the orc priest. You drain the orc priest.
The orc priest is severely wounded.
The orc priest closely misses you. The orc priest barely misses you.
You hit the orc priest but do no damage.
You drain the orc priest.
The orc priest is almost dead.
The orc priest misses you.
You hit the orc priest.
You kill the orc priest!
You have reached level 5!
You start waiting.
Done waiting.
You climb downwards.
Level annotation: Sigmund The orc closely misses you. x2
There is a stone staircase leading up here.
The orc hits you with a +4 hand axe of distortion.
Space warps horribly around you!!
You die...

. ,, #...#.... ..........# .. ,
......##########...# , #......###
##...# , , , #........# #....# ,
,,,######.....o..#####.#######
####)............)).....)....#
###......#......########.......#
##...####.#......# #####.......#
#..###.)..#.....@# ##...........#
..##...#..#......o.#............#
†##....#.##......#...........####
.#....##.#.......##..........#
##...##..#........#..........#
#...##..#####.###............#
#.###..## ,..# ##..........#
#.....## ,*#.# *####........##
...#### , ,............#####


You could see an orc wizard (wandering) and an orc.

Vanquished Creatures
  An orc priest (D:2)
  An orc wizard (D:2)
  3 adders
  2 worms
  6 dart slugs
  7 orcs
  4 endoplasms
  2 giant cockroaches
  3 goblins
  5 hobgoblins
  A quokka (D:3)
  6 ball pythons
  6 bats
  A frilled lizard (D:2)
  4 kobolds
  4 rats
56 creatures vanquished.

Notes
Turn   | Place    | Note
-------+----------+-------------------------------------------
     0 | D:1      | Ayyar the Deep Dwarf Earth Elementalist began the quest for
                  | the Orb.
     0 | D:1      | Reached XP level 1. HP: 15/15 MP: 3/3
   166 | D:1      | Reached skill level 1 in Transmutations
   192 | D:1      | Reached XP level 2. HP: 13/22 MP: 1/4
  1212 | D:2      | Reached XP level 3. HP: 10/28 MP: 3/6
  1545 | D:2      | Learned a level 3 spell: Stone Arrow
  1702 | D:2      | Found a faded altar of an unknown god.
  1891 | D:3      | Noticed Sigmund
  1964 | D:2      | Reached XP level 4. HP: 18/36 MP: 0/7
  2557 | D:2      | Reached XP level 5. HP: 18/42 MP: 8/8
  2659 | D:3      | Slain by an orc

Illustrated notes

Levels and vault maps discovered:
D:1:      saegor_arrival_simple_d, layout_basic, minmay_3d_cube
D:2:      layout_rooms, hellmonk_ecumenical_altar_inner_sanctum,
          dreamdust_mushroom_princess
D:3:      minmay_evil_eye, layout_rooms, serial_shops,
          nicolae_shop_hallway_plus, uniq_sigmund

Skill      XL: |  1  2  3  4 |
---------------+-------------+-----
Transmutations | 1 2 |  2.1
Spellcasting   | 2 |  2.5
Stealth        | 3 |  3.8
Dodging        | 3 |  3.2
Conjurations   | |  0.2
Earth Magic    | |  4.9

Action                   |  1- 3 |  4- 6 || total
-------------------------+-------+-------++-------
Melee: Short sword       |    34 |       ||    34
       Mace              |       |    19 ||    19
Throw: Javelin           |     5 |       ||     5
       Boomerang         |       |    16 ||    16
 Cast: Sandblast         |    45 |    27 ||    72
 Abil: Heal Wounds       |     2 |     1 ||     3
  Use: Potion            |     1 |       ||     1
 Stab: Sleeping          |     1 |       ||     1
Armor: Robe              |    11 |     4 ||    15
Dodge: Dodged            |    28 |    17 ||    45

Table legend: (Time is in decaauts)
 A = Elapsed time spent in this place.
 B = Non-inter-level travel time spent in this place.
 C = Inter-level travel time spent in this place.
 D = Time resting spent in this place.
 E = Time spent auto-exploring this place.
 F = Levels seen in this place.
 G = Mean time per level.
                   A        B        C        D        E       F      G
               +--------+--------+--------+--------+--------+-----+--------+
         Total |   2682 |   2570 |    112 |    285 |   1550 |   3 |  894.0 |
       Dungeon |   2682 |   2570 |    112 |    285 |   1550 |   3 |  894.0 |
               +--------+--------+--------+--------+--------+-----+--------+

Top non-repeatable levels by time:
     D:1: 1138 daAuts
     D:2: 1095 daAuts
     D:3: 448 daAuts
